 Dungeon Crawl Stone Soup version 0.27-a0-1188-g73eefd5def (webtiles) character file.

Game seed: 17512776634984520627

560 DasRunzen the Slasher (level 6, -3/51 HPs)
             Began as a Demigod Gladiator on May 21, 2021.
             Succumbed to a scorpion's poison
             ... on level 5 of the Dungeon.
             The game lasted 00:06:08 (4678 turns).

DasRunzen the Slasher (Demigod Gladiator)           Turns: 4678, Time: 00:06:08

Health: -3/51      AC:  1    Str: 19    XL:     6   Next: 83%
Magic:  12/12      EV: 13    Int: 14    God:
Gold:   157        SH:  0    Dex: 18    Spells: 10/10 levels left

rFire    . . .     SeeInvis +   a - +2 long sword
rCold    . . .     Faith    .   (no shield)
rNeg     . . .     Spirit   .   b - +0 leather armour
rPois    .         Reflect  .   c - +0 helmet
rElec    .         Harm     .   (no cloak)
rCorr    .         Rampage  .   i - +0 pair of fencer's gloves {Riposte Dex+3}
Will     .....                  (no boots)
Stlth    +.........             (no amulet)
HPRegen  0.17/turn              f - ring of see invisible
MPRegen  0.13/turn              (no ring)

@: confused, lethally poisoned (-3 -> -32), ambrosia-drunk, corroded
A: high mp 1, forlorn
a: no special abilities


You were on level 5 of the Dungeon.
You visited 1 branch of the dungeon, and saw 5 of its levels.

You collected 157 gold pieces.

Inventory:

Hand Weapons
 a - a +2 long sword (weapon)
Missiles
 d - 3 throwing nets (quivered)
Armour
 b - a +0 leather armour (worn)
 c - a +0 helmet (worn)
 i - the +0 pair of fencer's gloves (worn) {Riposte Dex+3}
   (You acquired it on level 3 of the Dungeon)

   It affects your dexterity (+3).
Jewellery
 f - a ring of see invisible (left hand)
Potions
 e - a potion of cancellation
 g - 2 potions of haste
 j - a potion of brilliance {unknown}


   Skills:
 + Level 3.5 Fighting
 + Level 4.1 Long Blades
 - Level 1.7 Throwing
 + Level 2.7 Armour
 + Level 4.0 Dodging
 + Level 2.5 Spellcasting


You had 10 spell levels left.
You didn't know any spells.
Your spell library contained the following spells:

 Spells                   Type           Power      Damage    Failure   Level
 Animate Skeleton         Necr           2%         N/A       26%         1
 Pain                     Necr           4%         1d4       26%         1
 Vampiric Draining        Necr           0%         2d6       63%         3
 Animate Dead             Necr           0%         N/A       95%         4
 Agony                    Necr           1%         N/A       100%        5


Dungeon Overview and Level Annotations

Branches:
Dungeon (5/15)
 Temple: D:4-7

Annotations:
D:3 2 transporters, 1 runed translucent door, hemabe71's ghost, amateur HuAr


Innate Abilities, Weirdness & Mutations

Your attributes grow dramatically as you level up.
You have an increased reservoir of magic. (+10% MP)
You shall have no god before yourself.


Message History

The jelly is almost dead.
The jelly hits you. The acid corrodes you!
You are splashed with acid.
You hit the jelly but do no damage.
Your hands burn!
The jelly is almost dead.
The jelly completely misses you.
You hit the jelly but do no damage.
Your hands burn!
The jelly is almost dead.
The scorpion stings you.
You are poisoned.
The scorpion poisons you! The jelly completely misses you.
You riposte.
You hit the jelly but do no damage.
The jelly is almost dead.
The scorpion closely misses you. The jelly misses you.
You riposte.
You hit the jelly.
You kill the jelly!
You hit the scorpion but do no damage.
You feel very sick. The scorpion stings you!
You are more poisoned.
The scorpion poisons you!
You hit the scorpion but do no damage.
You feel very sick. The scorpion misses you. The scorpion closely misses you.
You riposte.
You hit the scorpion but do no damage. You hit the scorpion but do no damage.
You feel very sick. The scorpion barely misses you.
You riposte.
You barely miss the scorpion. You hit the scorpion.
The scorpion is moderately wounded.
You feel sick. The scorpion stings you!
* * * LOW HITPOINT WARNING * * *
You are more poisoned.
The scorpion poisons you! The scorpion stings you.
* * * LOW HITPOINT WARNING * * *
You are more poisoned.
The scorpion poisons you!
It was a potion of ambrosia.
You are confused.
You feel invigorated.
You die...

...## ##...
8...###...8.
..........
..?<.... .....#
##.8.##
###..s..###
#...@<....#
#........)....#
...8...###...8..
##)..## ##...#
##+# .## #


You could see a scorpion.

Vanquished Creatures
  A phantom (D:3)
  A scorpion (D:4)
  A water moccasin skeleton (D:4)
  3 hounds (D:4)
  A jelly (D:5)
  A bullfrog skeleton (D:4)
  A hound skeleton (D:4)
  3 gnolls
  11 adders
  2 adder skeletons (D:4)
  A worm (D:4)
  3 dart slugs
  3 orcs
  7 endoplasms
  5 giant cockroaches
  6 hobgoblins
  3 jackals
  4 quokkas
  8 ball pythons
  5 bats
  2 frilled lizards
  6 goblins
  6 kobolds
  A rat (D:3)
85 creatures vanquished.

Vanquished Creatures (others)
  A withered plant (D:3)
1 creature vanquished.

Grand Total: 86 creatures vanquished

Notes
Turn   | Place    | Note
-------+----------+-------------------------------------------
     0 | D:1      | DasRunzen the Demigod Gladiator began the quest for the
                  | Orb.
     0 | D:1      | Reached XP level 1. HP: 17/17 MP: 3/3
   407 | D:1      | Reached XP level 2. HP: 16/24 MP: 4/4
  1074 | D:2      | Reached XP level 3. HP: 28/29 MP: 6/6
  1121 | D:2      | Reached skill level 1 in Armour
  1128 | D:2      | Reached skill level 1 in Spellcasting
  2154 | D:3      | Reached XP level 4. HP: 26/37 MP: 8/8
  2839 | D:3      | Found a transporter.
  2992 | D:3      | Found a transporter.
  3697 | D:3      | Found a runed translucent door.
  3697 | D:3      | Noticed hemabe71's ghost (amateur HuAr)
  3828 | D:3      | Identified a scroll of acquirement
  3828 | D:3      | Acquired the +0 pair of fencer's gloves {Riposte Dex+3}
  3829 | D:3      | Found the +0 pair of fencer's gloves {Riposte Dex+3}
  3868 | D:4      | Noticed a phantom
  3883 | D:3      | Killed a phantom
  3884 | D:3      | Reached XP level 5. HP: 44/44 MP: 10/10
  4070 | D:4      | Reached XP level 6. HP: 34/51 MP: 10/12
  4667 | D:5      | Entered Level 5 of the Dungeon
  4677 | D:5      | HP: 1/51 [scorpion (5)]
  4678 | D:5      | Succumbed to a scorpion's poison

Illustrated notes

Levels and vault maps discovered:
D:1:      shiori_shiawase, layout_loops_ring
D:2:      layout_rooms, basic_altar, hellmonk_ecumenical_altar_arch_garden
D:3:      gammafunk_steamed_eel, layout_loops_corners, gammafunk_ghost_grave
D:4:      layout_gridville, minmay_quantized
D:5:      layout_loops_ring, lemuel_doored_altar, serial_shops,
          kennysheep_little_box, grunt_ministairs_13

Skill      XL: |  1  2  3  4  5  6 |
---------------+-------------------+-----
Fighting       | 2 3 |  3.5
Long Blades    | 3 4 |  4.1
Dodging        | 3 4 |  4.0
Armour         | 1 2 |  2.7
Spellcasting   | 1 2 |  2.5
Throwing       | |  1.7

Action                   |  1- 3 |  4- 6 || total
-------------------------+-------+-------++-------
Melee: Long sword        |   109 |   137 ||   246
  Use: Scroll            |     5 |     5 ||    10
       Potion            |       |     1 ||     1
 Stab: Sleeping          |     3 |     1 ||     4
Armor: Leather armour    |    39 |    34 ||    73
Dodge: Dodged            |    83 |   117 ||   200
       Rpst.: Long sword |    22 |    56 ||    78

Table legend: (Time is in decaauts)
 A = Elapsed time spent in this place.
 B = Non-inter-level travel time spent in this place.
 C = Inter-level travel time spent in this place.
 D = Time resting spent in this place.
 E = Time spent auto-exploring this place.
 F = Levels seen in this place.
 G = Mean time per level.
                   A        B        C        D        E       F      G
               +--------+--------+--------+--------+--------+-----+--------+
         Total |   4737 |   4626 |    111 |    896 |   3084 |   5 |  947.4 |
       Dungeon |   4737 |   4626 |    111 |    896 |   3084 |   5 |  947.4 |
               +--------+--------+--------+--------+--------+-----+--------+

Top non-repeatable levels by time:
     D:3: 1773 daAuts
     D:1: 1272 daAuts
     D:2: 878 daAuts
     D:4: 799 daAuts
     D:5: 12 daAuts
